 Dungeon Crawl Stone Soup version 0.21.1-1-g345015fe64 (webtiles) character file.

2963 Ilves the Cleaver (level 9, -7/84 HPs)
             Began as a Hill Orc Berserker on Apr 21, 2018.
             Was an Elder of Trog.
             Mangled by an orc warrior
             ... wielding a +0 dire flail
              (15 damage)
             ... on level 7 of the Dungeon.
             The game lasted 00:14:46 (7007 turns).

Ilves the Cleaver (Hill Orc Berserker)              Turns: 7007, Time: 00:14:46

Health: -7/84      AC: 14    Str: 20    XL:     9   Next: 81%
Magic:  9/9        EV:  6    Int:  7    God:    Trog [****..]
Gold:   382        SH:  0    Dex: 13    Spells: 8/8 levels left

rFire    . . .     SeeInvis +   C - +0 war axe
rCold    + . .     Gourm    .   (no shield)
rNeg     . . .     Faith    .   D - +1 plate armour {rC+}
rPois    .         Spirit   .   s - +0 helmet
rElec    .         Reflect  .   G - +0 cloak
rCorr    .         Harm     .   (no gloves)
MR       .....                  (no boots)
Stlth    ..........             (no amulet)
HPRegen  0.24/turn              d - +3 ring of slaying
MPRegen  0.11/turn              v - ring of see invisible

@: berserk cooldown, very slightly contaminated, slowed, very slow
A: no striking features
a: Berserk, Trog's Hand, Brothers in Arms, Burn Spellbooks, Renounce Religion


You were on level 7 of the Dungeon.
You worshipped Trog.
Trog was greatly pleased with you.
You were very hungry.

You visited 1 branch of the dungeon, and saw 8 of its levels.

You collected 382 gold pieces.

Inventory:

Hand Weapons
 C - a +0 war axe (weapon)
Armour
 s - a +0 helmet (worn)
 D - a +1 plate armour of cold resistance (worn)
 G - a +0 cloak (worn)
Jewellery
 d - a +3 ring of slaying (left hand)
 v - a ring of see invisible (right hand)
Wands
 j - a wand of acid (9)
 t - a wand of digging (18)
 F - a wand of paralysis (12)
 H - a wand of random effects (22)
Scrolls
 a - a scroll of vulnerability {unknown}
 g - 4 scrolls of magic mapping {unknown}
 l - a scroll of blinking {unknown}
 n - 4 scrolls of amnesia {unknown}
 o - 3 scrolls of enchant armour {unknown}
 q - 5 scrolls of remove curse {unknown}
 r - 2 scrolls of teleportation {unknown}
 y - a scroll of random uselessness {unknown}
 A - a scroll of fear {unknown}
 E - 3 scrolls of identify
 I - a scroll of enchant weapon {unknown}
Potions
 e - 2 potions of heal wounds
 h - 3 potions of ambrosia
 i - 6 potions of curing
 k - 2 potions of might
 m - 2 potions of brilliance {unknown}
 p - 3 potions of cancellation {unknown}
 u - a potion of magic {unknown}
 w - 3 potions of haste {unknown}
 x - 2 potions of flight {unknown}
 z - 2 potions of lignification {unknown}
 B - 2 potions of resistance {unknown}
Comestibles
 b - 7 chunks of flesh
 c - 16 rations


   Skills:
 + Level 9.6 Fighting
 + Level 14.1 Axes
 - Level 2.1 Armour
 - Level 1.5 Dodging


You had 8 spell levels left.
You didn't know any spells.

Dungeon Overview and Level Annotations

Branches:
Dungeon (8/15)             Temple (0/1) D:7
   Lair: D:8-11

Altars:
Ashenzari
Dithmenos
Elyvilon
Gozag
Hepliaklqana
Kikubaaqudgha
Nemelex Xobeh
Qazlal
Ru
Trog
Uskayaw
Vehumet
Wu Jian
The Shining One


Message History

You flicker for a moment.
The bullfrog hits you but does no damage.
The bullfrog hits you.
* * * LOW HITPOINT WARNING * * *
The bullfrog hits you but does no damage.
The bullfrog hits you.
* * * LOW HITPOINT WARNING * * *
The bullfrog hits you but does no damage.
You flicker back into view.
The bullfrog hits you but does no damage. x2
You feel much better. The bullfrog closely misses you.
The orc warrior hits you with a dire flail!
* * * LOW HITPOINT WARNING * * *
The bullfrog hits you.
* * * LOW HITPOINT WARNING * * *
Unknown command.
The bullfrog hits you but does no damage.
The bullfrog hits you but does no damage.
The orc warrior hits you with a dire flail!
You die...

#......# #......# ##### #......#
#...# #......# #...# ##......#
#...# #.......# #...#
###.##.######..(####
#...<........#...o.##
#.##.#..........@F..##
.....#..............(##
#.##..................###########
#.#..#..............[....>.......
..#..#...............#####...##..
##.........................#....#
#...#.................#...#.....#
#...#............................
.....)[................>....#..##


You could see an orc warrior and a bullfrog.

Vanquished Creatures
  Pikel (D:4)
  2 hippogriffs (D:7)
  Menkaure (D:7)
  2 phantoms
  2 orc warriors
  2 black bears (D:7)
  2 ogres
  2 centaurs
  Blork the orc (D:4)
  3 bullfrogs (D:6)
  A scorpion (D:6)
  A crimson imp (D:5)
  A bullfrog zombie (D:6)
  Crazy Yiuf (D:7)
  2 hounds
  5 orc wizards
  An orc priest (D:7)
  A bullfrog skeleton (D:7)
  2 iguanas
  5 worker ants
  Terence (D:3)
  A hound zombie (D:5)
  Robin (D:3)
  10 gnolls
  9 adders
  A shadow imp (D:6)
  An adder skeleton (D:5)
  2 worms (D:4)
  A dart slug (D:3)
  4 leopard geckos
  14 orcs
  2 ball pythons (D:3)
  5 giant cockroaches
  16 goblins
  5 hobgoblins
  A jackal (D:4)
  3 kobolds (D:1)
  3 quokkas
  8 bats
  6 frilled lizards
  2 leopard gecko skeletons (D:4)
  A quokka skeleton (D:6)
  7 rats
142 creatures vanquished.

Vanquished Creatures (others)
  A leopard gecko (D:4)
  3 jackals (D:4)
4 creatures vanquished.

Grand Total: 146 creatures vanquished

Notes
Turn   | Place    | Note
-------+----------+-------------------------------------------
     0 | D:1      | Ilves the Hill Orc Berserker began the quest for the Orb.
     0 | D:1      | Reached XP level 1. HP: 19/19 MP: 1/1
   199 | D:1      | Reached XP level 2. HP: 21/27 MP: 2/2
   662 | D:2      | Noticed a centaur
   940 | D:2      | Reached skill level 5 in Axes
   940 | D:2      | Reached XP level 3. HP: 30/33 MP: 3/3
  1280 | D:2      | Found a hazy altar of Hepliaklqana.
  1499 | D:2      | Reached XP level 4. HP: 41/41 MP: 4/4
  1587 | D:2      | Found an opulent altar of Gozag.
  1758 | D:3      | Reached ** piety under Trog
  1764 | D:3      | Reached skill level 6 in Axes
  2060 | D:3      | Reached skill level 5 in Fighting
  2100 | D:3      | Noticed Robin
  2111 | D:3      | Reached XP level 5. HP: 48/48 MP: 5/5
  2122 | D:3      | Killed Robin
  2244 | D:3      | Found a sparkling altar of Nemelex Xobeh.
  2255 | D:3      | Noticed Terence
  2271 | D:3      | Killed Terence
  2552 | D:3      | Reached skill level 7 in Axes
  2804 | D:4      | Killed a centaur
  2804 | D:4      | Reached XP level 6. HP: 39/56 MP: 6/6
  2999 | D:4      | Noticed Blork the orc
  3009 | D:4      | Killed Blork the orc
  3009 | D:4      | Reached skill level 8 in Axes
  3062 | D:4      | Noticed a slave
  3063 | D:4      | Noticed a slave
  3063 | D:4      | Noticed a slave
  3064 | D:4      | Noticed Pikel
  3069 | D:4      | Noticed a slave
  3074 | D:4      | Killed Pikel
  3074 | D:4      | Reached skill level 10 in Axes
  3074 | D:4      | Reached XP level 7. HP: 64/64 MP: 7/7
  3147 | D:4      | Reached *** piety under Trog
  3297 | D:4      | Reached XP level 8. HP: 69/71 MP: 8/8
  3625 | D:5      | Entered Level 5 of the Dungeon
  3625 | D:5      | Found an ancient bone altar of Kikubaaqudgha.
  3784 | D:5      | Found a glowing golden altar of the Shining One.
  3785 | D:5      | Found a sacrificial altar of Ru.
  3786 | D:5      | Found a hide-covered altar of Uskayaw.
  3787 | D:5      | Found an ornate altar of the Wu Jian Council.
  3787 | D:5      | Found an opulent altar of Gozag.
  3789 | D:5      | Found a radiant altar of Vehumet.
  3789 | D:5      | Found a shattered altar of Ashenzari.
  3790 | D:5      | Found a stormy altar of Qazlal.
  3870 | D:5      | Found a shadowy altar of Dithmenos.
  4323 | D:6      | Reached skill level 11 in Axes
  4739 | D:6      | Found a white marble altar of Elyvilon.
  4885 | D:6      | Reached skill level 12 in Axes
  5212 | D:6      | Reached **** piety under Trog
  5212 | D:6      | Reached XP level 9. HP: 75/81 MP: 9/9
  5792 | D:7      | Noticed Menkaure
  5798 | D:7      | Killed Menkaure
  5810 | D:7      | Reached skill level 13 in Axes
  5965 | D:7      | Found a runed door.
  5969 | D:7      | Noticed Crazy Yiuf
  5972 | D:7      | Paralysed by Crazy Yiuf for 7 turns
  5982 | D:7      | Killed Crazy Yiuf
  6266 | D:7      | Found a staircase to the Ecumenical Temple.
  6586 | D:7      | Found a bloodstained altar of Trog.
  6967 | D:8      | Reached skill level 14 in Axes
  7002 | D:7      | HP: 4/84 [bullfrog (2)]
  7007 | D:7      | Mangled by an orc warrior

Skill      XL: |  1  2  3  4  5  6  7  8  9 |
---------------+----------------------------+-----
Fighting       | 4 5 6 8 9 |  9.6
Axes           | 5 6 7 10 12 14 | 14.1
Armour         | |  2.1
Dodging        | |  1.5

Action                   |  1- 3 |  4- 6 |  7- 9 || total
-------------------------+-------+-------+-------++-------
Melee: Hand axe          |    57 |   130 |   141 ||   328
       War axe           |       |       |   114 ||   114
Invok: Berserk           |       |     4 |     4 ||     8
  Use: Scroll            |       |       |     5 ||     5
       Potion            |       |       |     2 ||     2
  Eat: Chunk             |     1 |     9 |    16 ||    26
Armor: Animal skin       |    11 |       |       ||    11
       Plate armour      |     3 |   102 |   171 ||   276
       Leather armour    |     1 |       |       ||     1
Dodge: Dodged            |    41 |    45 |    75 ||   161
